 Dungeon Crawl Stone Soup version 0.26-a0-1147-g3780a7a11b (webtiles) character file.

Game seed: 305218394940707048

690 mhtbhm the Cudgeller (level 7, -7/44 HPs)
             Began as a Gargoyle Fighter on Dec 22, 2020.
             Mangled by an orc warrior
             ... wielding a +1 vorpal trident
              (13 damage)
             ... on level 6 of the Dungeon.
             The game lasted 00:04:45 (4440 turns).

mhtbhm the Cudgeller (Gargoyle Fighter)             Turns: 4440, Time: 00:04:45

Health: -7/44      AC: 15    Str: 21    XL:     7   Next: 63%
Magic:  7/7        EV:  8    Int:  9    God:
Gold:   244        SH: 10    Dex:  9    Spells: 6/6 levels left

rFire    . . .     SeeInvis .   a - +0 flail
rCold    . . .     Faith    .   c - +0 kite shield
rNeg     + . .     Spirit   .   b - +0 scale mail
rPois    ∞         Reflect  .   r - +0 helmet
rElec    +         Harm     .   (no cloak)
rCorr    .         Rampage  .   p - +0 pair of gloves
Will     .....                  q - +0 pair of boots
Stlth    ..........             (no amulet)
HPRegen  0.14/turn              (no ring)
MPRegen  0.10/turn              (no ring)

@: no status effects
A: hooves 1, deterioration 1, negative energy resistance 1, electricity
resistance, unbreathing, petrification resistance, miasma immunity, AC +4
a: no special abilities


You were on level 6 of the Dungeon.
You visited 1 branch of the dungeon, and saw 6 of its levels.

You collected 244 gold pieces.

Inventory:

Hand Weapons
 a - a +0 flail (weapon)
Missiles
 j - 3 atropa-tipped darts (quivered)
 o - 15 poisoned darts
Armour
 b - a +0 scale mail (worn)
 c - a +0 kite shield (worn)
 p - a +0 pair of gloves (worn)
 q - a +0 pair of boots (worn)
 r - a +0 helmet (worn)
Scrolls
 d - a scroll of fear {unknown}
 e - a scroll of magic mapping
 f - 3 scrolls of random uselessness {unknown}
 g - 3 scrolls of remove curse
 h - 2 scrolls of acquirement {unknown}
 i - 2 scrolls of teleportation
 n - a scroll of enchant armour {unknown}
Potions
 l - a potion of mutation


   Skills:
 + Level 4.6 Fighting
 + Level 5.3 Maces & Flails
 + Level 0.3 Throwing
 + Level 4.9 Armour
 + Level 1.6 Dodging
 + Level 5.2 Shields


You had 6 spell levels left.
You didn't know any spells.
Your spell library was empty.

Dungeon Overview and Level Annotations

Branches:
Dungeon (6/15)
 Temple: D:4-7

Altars:


Innate Abilities, Weirdness & Mutations

You are resistant to torment.
Your stone body is resilient. (AC +4)
You are immune to poison.
You resist negative energy. (rN+)
You are resistant to electric shocks. (rElec)
You can survive without breathing.
You are immune to petrification.
You are immune to miasma.
You have large cloven feet.
Your body sometimes deteriorates upon taking damage.


Message History

You aren't carrying any items that you can evoke.
Unknown command.
Throw: 5 darts (atropa)
Press: ? - help, Q - select action, (/) - cycle Shift-Dir - straight line, f - orc warrior
Aim: an orc warrior, wielding a +1 vorpal trident and wearing a +0 plate armour (severely wounded, chance to blind on hit: 51%)
You throw an atropa-tipped dart.
The atropa-tipped dart hits the orc warrior.
The orc warrior resists.
The orc warrior is severely wounded.
The orc warrior hits you but does no damage.
Throw: 4 darts (atropa)
Press: ? - help, Q - select action, (/) - cycle Shift-Dir - straight line, f/p - orc warrior
Aim: an orc warrior, wielding a +1 vorpal trident and wearing a +0 plate armour (severely wounded, chance to blind on hit: 51%)
You throw an atropa-tipped dart.
The atropa-tipped dart closely misses the orc warrior.
The atropa-tipped dart hits the orc.
The orc appears confused.
You block the orc warrior's attack.
The orc barely misses the orc.
The orc seems less confused.
The orc warrior hits you from afar with a +1 vorpal trident!
You die...

. .. ... ..o. ..... ###
......#########################..
..........ooo.o.@.............#..
......#######################.#..
..... ###.#<. .... #...#.. #.#
#.###.. # #########.###..
............... ..........###>.
..........##...


You could see an orc warrior and 3 orcs.

Vanquished Creatures
  Grinder (D:3)
  An ice beast (D:6)
  A phantom (D:5)
  An orc priest (D:5)
  A hound (D:6)
  A bullfrog skeleton (D:6)
  A worker ant (D:6)
  Natasha (twice) (D:3)
  5 adders
  2 shadow imps
  An ufetubus (D:6)
  2 oozes (D:3)
  An adder skeleton (D:6)
  3 worms (D:2)
  2 dart slugs
  2 leopard geckos (D:1)
  13 bats
  3 giant cockroaches
  6 goblins
  9 hobgoblins
  10 jackals
  A quokka (D:2)
  2 ball pythons (D:2)
  3 frilled lizards
  A jackal skeleton (D:4)
  5 kobolds
  4 rats
84 creatures vanquished.

Notes
Turn   | Place    | Note
-------+----------+-------------------------------------------
     0 | D:1      | mhtbhm the Gargoyle Fighter began the quest for the Orb.
     0 | D:1      | Reached XP level 1. HP: 14/14 MP: 1/1
   362 | D:1      | Reached XP level 2. HP: 19/19 MP: 2/2
   661 | D:1      | Reached XP level 3. HP: 24/24 MP: 3/3
  1380 | D:2      | Reached XP level 4. HP: 23/29 MP: 4/4
  2561 | D:3      | Noticed Grinder
  2577 | D:3      | Killed Grinder
  2578 | D:3      | Reached skill level 1 in Dodging
  2578 | D:3      | Reached XP level 5. HP: 24/33 MP: 5/5
  2578 | D:3      | Reached XP level 6. HP: 28/38 MP: 6/6
  3155 | D:3      | Noticed Natasha
  3166 | D:3      | Killed Natasha
  3411 | D:3      | Noticed Natasha
  3425 | D:3      | Killed Natasha
  3774 | D:4      | You fall into a shaft and drop 1 floor!
  3774 | D:5      | Entered Level 5 of the Dungeon
  3775 | D:5      | Noticed a phantom
  3812 | D:5      | Killed a phantom
  3813 | D:5      | Reached XP level 7. HP: 43/43 MP: 7/7
  3825 | D:5      | Gained mutation: Your body sometimes deteriorates upon
                  | taking damage. [potion of mutation]
  3825 | D:5      | Gained mutation: You have large cloven feet. [potion of
                  | mutation]
  4244 | D:6      | Reached skill level 5 in Shields
  4345 | D:6      | Reached skill level 5 in Maces & Flails
  4440 | D:6      | Mangled by an orc warrior

Illustrated notes

Levels and vault maps discovered:
D:1:      dpeg_arrival_tiny_a, layout_loops_cross, minmay_cut_off
D:2:      layout_basic, grunt_ministairs_4, minmay_misc_feat_doors,
          chequers_serial_rivers_micro_d
D:3:      layout_basic, uniq_natasha, uniq_grinder
D:4:      layout_basic, lemuel_round_altar, minmay_temple_entry_stoned_glass,
          kennysheep_generic_room_11, uniq_pikel
D:5:      layout_gridville, zin_scriptorium, serial_shops,
          nicolae_shop_temple_entry_statues_fountains, minmay_misc_feat_roman,
          tgw_xom
D:6:      lemuel_ratsnest, layout_rooms

Skill      XL: |  1  2  3  4  5  6  7 |
---------------+----------------------+-----
Maces & Flails | 4 5 |  5.3
Fighting       | 4 |  4.6
Armour         | 4 |  4.9
Dodging        | 1 |  1.6
Shields        | 4 5 |  5.2
Throwing       | |  0.3

Action                   |  1- 3 |  4- 6 |  7- 9 || total
-------------------------+-------+-------+-------++-------
Melee: Flail             |   139 |   176 |    64 ||   379
Throw: Dart              |       |     4 |     3 ||     7
  Use: Scroll            |     4 |       |     1 ||     5
       Potion            |       |     1 |     4 ||     5
Armor: Scale mail        |    84 |    90 |    39 ||   213
Dodge: Dodged            |    67 |    57 |    14 ||   138
Block: Kite shield       |    92 |   118 |    36 ||   246

Table legend: (Time is in decaauts)
 A = Elapsed time spent in this place.
 B = Non-inter-level travel time spent in this place.
 C = Inter-level travel time spent in this place.
 D = Time resting spent in this place.
 E = Time spent auto-exploring this place.
 F = Levels seen in this place.
 G = Mean time per level.
                   A        B        C        D        E       F      G
               +--------+--------+--------+--------+--------+-----+--------+
         Total |   4549 |   4525 |     24 |    911 |   2592 |   6 |  758.2 |
       Dungeon |   4549 |   4525 |     24 |    911 |   2592 |   6 |  758.2 |
               +--------+--------+--------+--------+--------+-----+--------+

Top non-repeatable levels by time:
     D:2: 1402 daAuts
     D:3: 1251 daAuts
     D:1: 1194 daAuts
     D:6: 573 daAuts
     D:5: 98 daAuts
     D:4: 29 daAuts
